| TOP OF THE 1ST |
|
Baltimore Orioles batting - Pitching for Cleveland Indians : RHP Dennis Beals
|
|
Pitching: RHP Dennis Beals
|
|
|
Batting: RHB Alex Rodriguez Jr.
|
0-0: Called Strike 0-1: SOLO HOME RUN (Flyball, 89XD, EV 102.5 MPH), Distance : 397 ft
|
|
Batting: RHB Marc Peckermark
|
0-0: Called Strike 0-1: Swinging Strike 0-2: Ball 1-2: Strikes out swinging
|
|
Batting: LHB Brad Pepin
|
0-0: Ball 1-0: Called Strike 1-1: Ball 2-1: Called Strike 2-2: Ball 3-2: Fly out, F5 (Popup, 5SF, EV 78.8 MPH)
|
|
Batting: RHB Saimei Kudo
|
0-0: Ball 1-0: Ball 2-0: Ball 3-0: Called Strike 3-1: Called Strike 3-2: Ground out 4-3 (Groundball, 4MS, EV 70.6 MPH)
|
| Top of the 1st over - 1 run, 1 hit, 0 errors, 0 left on base; Baltimore 1 - Cleveland 0 |
| BOTTOM OF THE 1ST |
|
Cleveland Indians batting - Pitching for Baltimore Orioles : LHP Randy Johnson Jr.
|
|
Pitching: LHP Randy Johnson Jr.
|
|
|
Batting: RHB Drtian Thaqi
|
0-0: Called Strike 0-1: Foul Ball, location: 2F 0-2: Foul Ball, location: 2F 0-2: Ball 1-2: Foul Ball, location: 2F 1-2: Ball 2-2: Ball 3-2: DOUBLE (Flyball, 8LXD, EV 113.8 MPH)
|
|
Batting: LHB Kyle Schaible
|
0-0: Ball 1-0: Called Strike 1-1: SINGLE (Flyball, 5D, EV 89.4 MPH) Drtian Thaqi to third
|
|
Batting: SHB Moe Lester
|
0-0: Foul Ball, location: 2F 0-1: SINGLE (Line Drive, 7S, EV 95.6 MPH) Drtian Thaqi scores Kyle Schaible to second
|
|
Batting: SHB Merrick Geter
|
0-0: Ball 1-0: Called Strike 1-1: Swinging Strike 1-2: Foul Ball, location: 2F 1-2: Ball 2-2: Ball 3-2: Base on Balls Kyle Schaible to third Moe Lester to second
|
|
Batting: LHB Arvin Dungca
|
0-0: Swinging Strike 0-1: Called Strike 0-2: Foul Ball, location: 2F 0-2: Ball 1-2: Strikes out swinging
|
|
Batting: LHB Fernando Campos
|
0-0: Ball 1-0: Called Strike 1-1: Grounds into double play, 4-6-3 (Groundball, 4, EV 91.3 MPH)
|
| Bottom of the 1st over - 1 run, 3 hits, 0 errors, 2 left on base; Baltimore 1 - Cleveland 1 |
| TOP OF THE 2ND |
|
Baltimore Orioles batting - Pitching for Cleveland Indians : RHP Dennis Beals
|
|
Batting: RHB Kevin Howard
|
0-0: Ball 1-0: Fly out, F2 (Popup, 25F, EV 88.8 MPH)
|
|
Batting: LHB Bob Melley
|
0-0: Reached on error, E4 (Groundball, 4S, EV 91.9 MPH)
|
|
Batting: RHB Josh Hamilton
|
0-0: Called Strike 0-1: SINGLE (Groundball, 6MD, EV 96.9 MPH) Bob Melley to second
|
|
Batting: RHB Ruben Garza
|
0-0: Ball 1-0: Foul Ball, location: 2F 1-1: Ball 2-1: Foul Ball, location: 2F 2-2: SINGLE (Groundball, 56, EV 103.8 MPH) Bob Melley to third Josh Hamilton to second Throwing error, E7 Bob Melley scores Josh Hamilton to third Ruben Garza to second
|
|
Batting: RHB Andres Leon
|
0-0: Called Strike 0-1: Foul Ball, location: 2F 0-2: Ground out 6-3 (Groundball, 6M, EV 83.8 MPH) Josh Hamilton scores Ruben Garza to third
|
|
Batting: RHB Alex Rodriguez Jr.
|
0-0: Called Strike 0-1: Swinging Strike 0-2: Foul Ball, location: 2F 0-2: DOUBLE (Flyball, 8RXD, EV 110.0 MPH) Ruben Garza scores
|
|
Batting: RHB Marc Peckermark
|
0-0: Ball 1-0: Called Strike 1-1: Called Strike 1-2: Fly out, F8 (Flyball, 8RS, EV 91.3 MPH)
|
| Top of the 2nd over - 3 runs, 3 hits, 2 errors, 1 left on base; Baltimore 4 - Cleveland 1 |
| BOTTOM OF THE 2ND |
|
Cleveland Indians batting - Pitching for Baltimore Orioles : LHP Randy Johnson Jr.
|
|
Batting: LHB Hector Pedroso
|
0-0: Ground out 4-3 (Groundball, 34, EV 103.1 MPH)
|
|
Batting: SHB Dan Hill
|
0-0: Ball 1-0: Ball 2-0: Ball 3-0: Called Strike 3-1: Base on Balls
|
|
Batting: RHB C.J. Sagle
|
0-0: Called Strike 0-1: Swinging Strike 0-2: Ball Dan Hill steals 2nd base 1-2: Foul Ball, location: 2F 1-2: Ball 2-2: Ball 3-2: SINGLE (Groundball, 56D, EV 99.4 MPH) Dan Hill to third
|
|
Batting: RHB Drtian Thaqi
|
0-0: Called Strike 0-1: Ball 1-1: Called Strike 1-2: Ball 2-2: Ball 3-2: Fly out, F9 (Flyball, 9LD, EV 95.0 MPH) Runner from 3rd tags up, SCORES, no throw by RF
|
|
Batting: LHB Kyle Schaible
|
0-0: Called Strike 0-1: Swinging Strike 0-2: Foul Ball, location: 2F 0-2: Ball 1-2: Ball 2-2: Ball C.J. Sagle steals 2nd base 3-2: Foul Ball, location: 2F 3-2: Foul Ball, location: 2F 3-2: Foul Ball, location: 2F 3-2: Foul Ball, location: 2F 3-2: Foul Ball, location: 2F 3-2: Foul Ball, location: 2F 3-2: Ground out 4-3 (Groundball, 4, EV 86.3 MPH)
|
| Bottom of the 2nd over - 1 run, 1 hit, 0 errors, 1 left on base; Baltimore 4 - Cleveland 2 |
| TOP OF THE 3RD |
|
Baltimore Orioles batting - Pitching for Cleveland Indians : RHP Dennis Beals
|
|
Batting: LHB Brad Pepin
|
0-0: Ground out U3 (Groundball, 3L, EV 88.8 MPH)
|
|
Batting: RHB Saimei Kudo
|
0-0: Ball 1-0: Swinging Strike 1-1: Called Strike 1-2: Ball 2-2: Fly out, F5 (Popup, 5L, EV 60.6 MPH)
|
|
Batting: RHB Kevin Howard
|
0-0: Ball 1-0: Ball 2-0: Fly out, F8 (Flyball, 8RXD, EV 92.5 MPH)
|
| Top of the 3rd over - 0 runs, 0 hits, 0 errors, 0 left on base; Baltimore 4 - Cleveland 2 |
| BOTTOM OF THE 3RD |
|
Cleveland Indians batting - Pitching for Baltimore Orioles : LHP Randy Johnson Jr.
|
|
Batting: SHB Moe Lester
|
0-0: Foul Ball, location: 2F 0-1: Called Strike 0-2: Ground out 2-3 (Groundball, 2L, EV 66.3 MPH)
|
|
Batting: SHB Merrick Geter
|
0-0: Called Strike 0-1: Swinging Strike 0-2: Ball 1-2: Ground out 6-3 (Groundball, 6, EV 101.3 MPH)
|
|
Batting: LHB Arvin Dungca
|
0-0: Ball 1-0: SINGLE (Line Drive, 8LS, EV 106.3 MPH)
|
|
Batting: LHB Fernando Campos
|
0-0: Ball 1-0: Called Strike 1-1: Ball 2-1: Swinging Strike 2-2: Strikes out swinging
|
| Bottom of the 3rd over - 0 runs, 1 hit, 0 errors, 1 left on base; Baltimore 4 - Cleveland 2 |
| TOP OF THE 4TH |
|
Baltimore Orioles batting - Pitching for Cleveland Indians : RHP Dennis Beals
|
|
Batting: LHB Bob Melley
|
0-0: Foul Ball, location: 2F 0-1: Foul Ball, location: 2F 0-2: Ball 1-2: Ball 2-2: Ball 3-2: Base on Balls
|
|
Batting: RHB Josh Hamilton
|
0-0: Ball 1-0: Fly out, F4 (Popup, 4MD, EV 44.4 MPH)
|
|
Batting: RHB Ruben Garza
|
0-0: Ball Bob Melley steals 2nd base 1-0: Ball 2-0: Called Strike 2-1: Swinging Strike 2-2: SINGLE (Groundball, 4M, EV 106.9 MPH) Bob Melley to third
|
|
Batting: RHB Andres Leon
|
0-0: Ball 1-0: Ball 2-0: Ball 3-0: Base on Balls Ruben Garza to second
|
|
Batting: RHB Alex Rodriguez Jr.
|
0-0: Foul Ball, location: 2F 0-1: Foul Ball, location: 2F 0-2: Ball 1-2: Foul Ball, location: 2F 1-2: Strikes out swinging
|
|
Batting: RHB Marc Peckermark
|
0-0: Foul Ball, location: 2F 0-1: Ground out 5-3 (Groundball, 15, EV 83.8 MPH)
|
| Top of the 4th over - 0 runs, 1 hit, 0 errors, 3 left on base; Baltimore 4 - Cleveland 2 |
| BOTTOM OF THE 4TH |
|
Cleveland Indians batting - Pitching for Baltimore Orioles : LHP Randy Johnson Jr.
|
|
Batting: LHB Hector Pedroso
|
0-0: Called Strike 0-1: Ground out 4-3 (Groundball, 34, EV 104.4 MPH)
|
|
Batting: SHB Dan Hill
|
0-0: Foul Ball, location: 2F 0-1: Fly out, F8 (Flyball, 8RD, EV 99.4 MPH)
|
|
Batting: RHB C.J. Sagle
|
0-0: Ball 1-0: Ball 2-0: Foul Ball, location: 2F 2-1: Foul Ball, location: 2F 2-2: Strikes out swinging
|
| Bottom of the 4th over - 0 runs, 0 hits, 0 errors, 0 left on base; Baltimore 4 - Cleveland 2 |
| TOP OF THE 5TH |
|
Baltimore Orioles batting - Pitching for Cleveland Indians : RHP Dennis Beals
|
|
Batting: LHB Brad Pepin
|
0-0: Foul Ball, location: 2F 0-1: Ball 1-1: Ball 2-1: Ground out 5-3 (Groundball, 5L, EV 85.0 MPH)
|
|
Batting: RHB Saimei Kudo
|
0-0: Ball 1-0: Ball 2-0: Called Strike 2-1: Ball 3-1: Foul Ball, location: 2F 3-2: Strikes out looking
|
|
Batting: RHB Kevin Howard
|
0-0: Called Strike 0-1: Ball 1-1: SINGLE (Groundball, 56D, EV 107.5 MPH)
|
|
Batting: LHB Bob Melley
|
0-0: Ground out U3 (Groundball, 3, EV 79.4 MPH)
|
| Top of the 5th over - 0 runs, 1 hit, 0 errors, 1 left on base; Baltimore 4 - Cleveland 2 |
| BOTTOM OF THE 5TH |
|
Cleveland Indians batting - Pitching for Baltimore Orioles : LHP Randy Johnson Jr.
|
|
Batting: RHB Drtian Thaqi
|
0-0: Ball 1-0: Fly out, F4 (Popup, 34, EV 59.4 MPH)
|
|
Batting: LHB Kyle Schaible
|
0-0: Called Strike 0-1: Foul Ball, location: 2F 0-2: Ball 1-2: Ball 2-2: Ground out 1-3 (Groundball, 13S, EV 70.6 MPH)
|
|
Batting: SHB Moe Lester
|
0-0: Called Strike 0-1: Ball 1-1: SINGLE (Groundball, 4MD, EV 103.8 MPH)
|
|
Batting: SHB Merrick Geter
|
0-0: Foul Ball, location: 2F 0-1: Called Strike 0-2: Ground out 4-3 (Groundball, 4, EV 91.3 MPH)
|
| Bottom of the 5th over - 0 runs, 1 hit, 0 errors, 1 left on base; Baltimore 4 - Cleveland 2 |
| TOP OF THE 6TH |
|
Baltimore Orioles batting - Pitching for Cleveland Indians : RHP Dennis Beals
|
|
Batting: RHB Josh Hamilton
|
0-0: Ball 1-0: Called Strike 1-1: Ball 2-1: Called Strike 2-2: SINGLE (Groundball, 4M, EV 105.0 MPH)
|
|
Batting: RHB Ruben Garza
|
0-0: Ball 1-0: Ball 2-0: Swinging Strike 2-1: Called Strike Josh Hamilton steals 2nd base 2-2: Fly out, F8 (Line Drive, 8RD, EV 91.9 MPH)
|
|
Batting: RHB Andres Leon
|
0-0: Called Strike 0-1: Ball 1-1: Swinging Strike 1-2: SINGLE (Flyball, 34D, EV 92.5 MPH) Josh Hamilton to third
|
|
Pitching: RHP Jay Woodall
|
|
|
Batting: RHB Alex Rodriguez Jr.
|
0-0: Ball Andres Leon steals 2nd base 1-0: Foul Ball, location: 3F, Error on foul ball, E3 1-1: Ball 2-1: Ball 3-1: Fly out, F9 (Line Drive, 9, EV 91.3 MPH) Runner from 3rd tags up, SCORES, no throw by RF
|
|
Batting: RHB Marc Peckermark
|
0-0: Called Strike 0-1: Ball 1-1: DOUBLE (Flyball, 78D, EV 95.0 MPH) Andres Leon scores
|
|
Batting: LHB Brad Pepin
|
0-0: Called Strike 0-1: Ball 1-1: Ball 2-1: Fly out, F9 (Flyball, 9S, EV 81.3 MPH)
|
| Top of the 6th over - 2 runs, 3 hits, 1 error, 1 left on base; Baltimore 6 - Cleveland 2 |
| BOTTOM OF THE 6TH |
|
Cleveland Indians batting - Pitching for Baltimore Orioles : LHP Randy Johnson Jr.
|
|
Batting: LHB Arvin Dungca
|
0-0: Called Strike 0-1: Swinging Strike 0-2: Ball 1-2: SINGLE (Flyball, 8LS, EV 95.6 MPH)
|
|
Pitching: RHP Josh Blankenship
|
|
|
Batting: LHB Fernando Campos
|
0-0: Called Strike 0-1: Ball 1-1: Ball 2-1: Foul Ball, location: 2F 2-2: Grounds into double play, 4-6-3 (Groundball, 4D, EV 99.4 MPH)
|
|
Batting: LHB Hector Pedroso
|
0-0: Called Strike 0-1: Ground out 4-3 (Groundball, 4D, EV 107.5 MPH)
|
| Bottom of the 6th over - 0 runs, 1 hit, 0 errors, 0 left on base; Baltimore 6 - Cleveland 2 |
| TOP OF THE 7TH |
|
Baltimore Orioles batting - Pitching for Cleveland Indians : RHP Jay Woodall
|
|
Batting: RHB Saimei Kudo
|
0-0: Ball 1-0: Foul Ball, location: 2F 1-1: Foul Ball, location: 2F 1-2: Ball 2-2: Ball 3-2: Foul Ball, location: 2F 3-2: SINGLE (Groundball, 6S, EV 75.6 MPH) (infield hit)
|
|
Batting: RHB Kevin Howard
|
0-0: Called Strike Saimei Kudo steals 2nd base 0-1: Ball 1-1: Foul Ball, location: 2F 1-2: Ball 2-2: Ground out U3 (Groundball, 34, EV 80.0 MPH) Saimei Kudo to third
|
|
Batting: LHB Bob Melley
|
0-0: Ball 1-0: Ball 2-0: Foul Ball, location: 2F 2-1: Called Strike 2-2: Strikes out swinging
|
|
Batting: RHB Josh Hamilton
|
0-0: Called Strike 0-1: SINGLE (Line Drive, 9S, EV 109.4 MPH) Saimei Kudo scores
|
|
Batting: RHB Ruben Garza
|
0-0: Called Strike Josh Hamilton steals 2nd base 0-1: Fly out, F9 (Flyball, 89M, EV 90.0 MPH)
|
| Top of the 7th over - 1 run, 2 hits, 0 errors, 1 left on base; Baltimore 7 - Cleveland 2 |
| BOTTOM OF THE 7TH |
|
Cleveland Indians batting - Pitching for Baltimore Orioles : RHP Josh Blankenship
|
|
Batting: SHB Dan Hill
|
0-0: Ground out 6-3 (Groundball, 4MD, EV 99.4 MPH)
|
|
Batting: RHB C.J. Sagle
|
0-0: Ball 1-0: Called Strike 1-1: Ball 2-1: Ball 3-1: Foul Ball, location: 2F 3-2: Base on Balls
|
|
Batting: RHB Drtian Thaqi
|
0-0: Ball 1-0: Called Strike 1-1: Ball 2-1: SINGLE (Popup, 15S, EV 84.4 MPH) C.J. Sagle to second
|
|
Batting: LHB Kyle Schaible
|
0-0: Called Strike 0-1: Ball 1-1: 3-RUN HOME RUN (Flyball, 9D, EV 95.6 MPH), Distance : 368 ft
|
|
Pitching: RHP Bobby O'Connell
|
|
|
Batting: SHB Moe Lester
|
0-0: Called Strike 0-1: Foul Ball, location: 2F 0-2: Ball 1-2: Ball 2-2: Foul Ball, location: 2F 2-2: Foul Ball, location: 2F 2-2: Foul Ball, location: 2F 2-2: Foul Ball, location: 2F 2-2: Ball 3-2: DOUBLE (Line Drive, 7LS, EV 102.5 MPH)
|
|
Batting: SHB Merrick Geter
|
0-0: Swinging Strike 0-1: SINGLE (Groundball, 13S, EV 70.6 MPH) (infield hit) Moe Lester to third
|
|
Batting: LHB Arvin Dungca
|
0-0: Foul Ball, location: 2F 0-1: Ball 1-1: Foul Ball, location: 2F 1-2: Foul Ball, location: 2F 1-2: Foul Ball, location: 2F 1-2: SINGLE (Groundball, 4M, EV 93.8 MPH) Moe Lester scores Merrick Geter to second Runner from 2nd tries for 3rd, SAFE, throw by CF made to third Arvin Dungca to second
|
|
Batting: LHB Fernando Campos
|
0-0: Foul Ball, location: 2F 0-1: Fly out, F9 (Line Drive, 9, EV 93.8 MPH) Runner from 3rd tags up, SCORES, no throw by RF
|
|
Batting: LHB Hector Pedroso
|
0-0: Called Strike 0-1: Swinging Strike 0-2: Ball 1-2: Ball 2-2: Foul Ball, location: 2F 2-2: SINGLE (Groundball, 34D, EV 97.5 MPH) (infield hit) Arvin Dungca to third
|
|
Batting: SHB Dan Hill
|
0-0: Ball 1-0: Ball 2-0: Foul Ball, location: 2F 2-1: Foul Ball, location: 2F 2-2: Ground out 4-3 (Groundball, 4S, EV 63.1 MPH)
|
| Bottom of the 7th over - 5 runs, 6 hits, 0 errors, 2 left on base; Baltimore 7 - Cleveland 7 |
| TOP OF THE 8TH |
|
Baltimore Orioles batting - Pitching for Cleveland Indians : RHP Jay Woodall
|
|
Pitching: RHP Alberto Pickett
|
|
|
Pinch Hitting: SHB Jason Hayes
|
0-0: Ball 1-0: Ball 2-0: Fly out, F8 (Flyball, 8RD, EV 102.5 MPH)
|
|
Batting: RHB Alex Rodriguez Jr.
|
0-0: Ball 1-0: Fly out, F3 (Line Drive, 3, EV 71.9 MPH)
|
|
Batting: RHB Marc Peckermark
|
0-0: Foul Ball, location: 2F 0-1: Called Strike 0-2: Ball 1-2: Ball 2-2: Strikes out swinging
|
| Top of the 8th over - 0 runs, 0 hits, 0 errors, 0 left on base; Baltimore 7 - Cleveland 7 |
| BOTTOM OF THE 8TH |
|
Cleveland Indians batting - Pitching for Baltimore Orioles : RHP Bobby O'Connell
|
|
Pitching: RHP Joon-ho Rhee
|
|
|
Now at 1B: Jason Hayes
|
|
|
Batting: RHB C.J. Sagle
|
0-0: Ball 1-0: Called Strike 1-1: Foul Ball, location: 2F 1-2: Ball 2-2: Ground out 6-3 (Groundball, 6, EV 105.0 MPH)
|
|
Batting: RHB Drtian Thaqi
|
0-0: Ball 1-0: Foul Ball, location: 2F 1-1: Foul Ball, location: 2F 1-2: Foul Ball, location: 2F 1-2: Ball 2-2: Foul Ball, location: 2F 2-2: Fly out, F8 (Flyball, 89D, EV 98.8 MPH)
|
|
Batting: LHB Kyle Schaible
|
0-0: Called Strike 0-1: Ball 1-1: Ball 2-1: Foul Ball, location: 2F 2-2: Fly out, F8 (Flyball, 8LM, EV 83.1 MPH)
|
| Bottom of the 8th over - 0 runs, 0 hits, 0 errors, 0 left on base; Baltimore 7 - Cleveland 7 |
| TOP OF THE 9TH |
|
Baltimore Orioles batting - Pitching for Cleveland Indians : RHP Alberto Pickett
|
|
Pitching: RHP Hector Guerrero
|
|
|
Batting: LHB Brad Pepin
|
0-0: Ball 1-0: Ground out 6-3 (Groundball, 6M, EV 105.0 MPH)
|
|
Batting: RHB Saimei Kudo
|
0-0: Fly out, F8 (Flyball, 8LD, EV 86.3 MPH)
|
|
Batting: RHB Kevin Howard
|
0-0: Ball 1-0: Ball 2-0: Swinging Strike 2-1: Ball 3-1: Base on Balls
|
|
Batting: LHB Bob Melley
|
0-0: Ball 1-0: Foul Ball, location: 2F 1-1: Ball 2-1: Called Strike 2-2: Ground out 4-3 (Groundball, 4, EV 91.9 MPH)
|
| Top of the 9th over - 0 runs, 0 hits, 0 errors, 1 left on base; Baltimore 7 - Cleveland 7 |
| BOTTOM OF THE 9TH |
|
Cleveland Indians batting - Pitching for Baltimore Orioles : RHP Joon-ho Rhee
|
|
Batting: SHB Moe Lester
|
0-0: Swinging Strike 0-1: Ball 1-1: Ball 2-1: Ball 3-1: Foul Ball, location: 2F 3-2: Base on Balls
|
|
Batting: SHB Merrick Geter
|
0-0: Called Strike 0-1: Foul Ball, location: 2F 0-2: Ball Wild Pitch! Moe Lester to second 1-2: SINGLE (Groundball, 6D, EV 105.0 MPH) Moe Lester to third Runner from 3rd tries for Home, throw by CF and OUT! 8-2 Merrick Geter to second
|
|
Batting: LHB Arvin Dungca
|
0-0: Intentional Walk
|
|
Batting: LHB Fernando Campos
|
0-0: Grounds into double play, 4-6-3 (Groundball, 4M, EV 85.0 MPH)
|
| Bottom of the 9th over - 0 runs, 1 hit, 0 errors, 1 left on base; Baltimore 7 - Cleveland 7 |
| TOP OF THE 10TH |
|
Baltimore Orioles batting - Pitching for Cleveland Indians : RHP Hector Guerrero
|
|
Pinch Hitting: LHB Stu Sornson
|
0-0: Fly out, F4 (Popup, 4MS, EV 85.6 MPH)
|
|
Pinch Hitting: LHB Paul Diaz
|
0-0: Called Strike 0-1: Foul Ball, location: 2F 0-2: Foul Ball, location: 2F 0-2: Strikes out looking
|
|
Batting: SHB Jason Hayes
|
0-0: Foul Ball, location: 2F 0-1: Called Strike 0-2: Ball 1-2: Ball 2-2: Foul Ball, location: 2F 2-2: Strikes out swinging
|
| Top of the 10th over - 0 runs, 0 hits, 0 errors, 0 left on base; Baltimore 7 - Cleveland 7 |
| BOTTOM OF THE 10TH |
|
Cleveland Indians batting - Pitching for Baltimore Orioles : RHP Joon-ho Rhee
|
|
Pitching: RHP Errol Dondale
|
|
|
Now at C: Jesus Luque
|
|
|
Now at 2B: Paul Diaz
|
|
|
Batting: LHB Hector Pedroso
|
0-0: Swinging Strike 0-1: Ball 1-1: SINGLE (Line Drive, 34D, EV 97.5 MPH)
|
|
Batting: SHB Dan Hill
|
0-0: Ball 1-0: Sac Bunt to 23 - play at first, batter OUT! 3-4 Hector Pedroso to second
|
|
Batting: RHB C.J. Sagle
|
0-0: Ball 1-0: SINGLE (Line Drive, 6M, EV 101.9 MPH) Hector Pedroso to third
|
|
Batting: RHB Drtian Thaqi
|
0-0: Ball 1-0: Fielders Choice attempt at home, Runner SAFE. 6-2 (Groundball, 56, EV 88.8 MPH)
|
| Bottom of the 10th over - 1 run, 2 hits, 0 errors, 0 left on base; Baltimore 7 - Cleveland 8 |
| |
|
Game Over ... Cleveland defeats Baltimore, 8 to 7
|
|
|